 Dungeon Crawl Stone Soup version 0.24.0-13-gcf9b3192b9 (webtiles) character file.

Game seed: 2341879241123018343, levelgen mode: deterministic

1341 Arum the Shield-Bearer (level 8, -1/67 HPs)
             Began as a Formicid Fighter on Nov 9, 2019.
             Was a Follower of Makhleb.
             Slain by a sky beast (6 damage)
             ... on level 6 of the Dungeon.
             The game lasted 00:06:15 (6093 turns).

Arum the Shield-Bearer (Formicid Fighter)           Turns: 6093, Time: 00:06:15

Health: -1/67      AC:  9    Str: 20 (21) XL:     8   Next: 93%
Magic:  8/8        EV:  9    Int:  7 (8)  God:    Makhleb [*.....]
Gold:   263        SH: 10    Dex:  8 (10) Spells: 7/7 levels left

rFire    . . .     SeeInvis +   a - +0 long sword
rCold    . . .     Gourm    .   c - +0 shield
rNeg     . . .     Faith    .   b - +0 scale mail
rPois    .         Spirit   .   (helmet unavailable)
rElec    .         Reflect  .   (no cloak)
rCorr    .         Harm     .   (no gloves)
MR       +....                  (no boots)
Stlth    ..........             (no amulet)
HPRegen  0.21/turn              l - ring of wizardry
MPRegen  0.11/turn              (no ring)

@: no status effects
A: permanent stasis, dig shafts and tunnels, four strong arms, antennae 3,
yellow scales 1, magic resistance 1, shaggy fur 1, weak 1
a: Dig, Shaft Self, Renounce Religion


You were on level 6 of the Dungeon.
You worshipped Makhleb.
Makhleb was aware of your devotion.
You were not hungry.

You visited 1 branch of the dungeon, and saw 6 of its levels.
You also visited: Sewer.

You collected 263 gold pieces.

Inventory:

Hand Weapons
 a - a +0 long sword (weapon)
Missiles
 q - a throwing net (quivered)
Armour
 b - a +0 scale mail (worn)
 c - a +0 shield (worn)
 i - a +2 large shield
Jewellery
 l - a ring of wizardry (left hand)
Wands
 k - a wand of digging (8)
Scrolls
 e - 2 scrolls of enchant armour {unknown}
 g - 2 scrolls of enchant weapon {unknown}
 j - 5 scrolls of identify {unknown}
 m - 2 scrolls of magic mapping {unknown}
 o - a scroll of amnesia {unknown}
 p - 2 scrolls of blinking {unknown}
 s - a scroll of teleportation {unknown}
 v - a scroll of remove curse {unknown}
 w - a scroll of random uselessness {unknown}
Potions
 d - a potion of might
 h - 2 potions of degeneration
 n - a potion of haste
 t - a potion of berserk rage {unknown}
 u - a potion of resistance {unknown}
Comestibles
 f - 10 rations
 x - 8 chunks of flesh


   Skills:
 + Level 7.3 Fighting
 + Level 6.2 Long Blades
 - Level 3.2 Armour
 + Level 7.9 Shields


You had 7 spell levels left.
You didn't know any spells.
Your spell library contained the following spells:

 Spells                   Type           Power        Failure   Level  Hunger
 Magic Dart               Conj           #...         52%         1    ##.....
 Call Imp                 Summ           #.......     65%         2    ###....
 Slow                     Hex            #.......     65%         2    ###....
 Conjure Flame            Conj/Fire      #.......     86%         3    ####...
 Mephitic Cloud           Conj/Pois/Air  #.......     86%         3    ####...
 Blink                    Tloc           Unusable     N/A         2    N/A

Dungeon Overview and Level Annotations

Branches:
Dungeon (6/15)              Sewer (visited)
 Temple: D:4-7

Altars:
Gozag
Hepliaklqana
Makhleb
Qazlal
Trog
Xom
Yredelemnul
The Shining One

Shops:
D:4 (


Innate Abilities, Weirdness & Mutations

You cannot be hasted, slowed, berserked, paralysed or teleported.
You can dig through walls and to a lower floor.
Your four strong arms can wield two-handed weapons with a shield.
You have a pair of large antennae on your head. (SInv)
You are partially covered in yellow scales. (AC +2)
You are resistant to hostile enchantments. (MR+)
You are covered in fur. (AC +1)
You are weak. (Str -2)


Message History

Your stasis prevents you from being hasted.
The sky beast barely misses you.
It was a potion of mutation.
You feel extremely strange.
You feel resistant to hostile enchantments.
You feel weaker.
Yellow scales grow over part of your body.
Fur sprouts all over your body. The sky beast barely misses you.
You riposte.
You hit the sky beast but do no damage.
The sky beast is moderately wounded.
Unknown command.
You miss the sky beast.
The sky beast is moderately wounded.
You block the sky beast's attack.
You miss the sky beast.
The sky beast is moderately wounded.
The sky beast hits you.
* * * LOW HITPOINT WARNING * * *
The sky beast shocks you.
You die...

.$.. { ##..## #.... {
#...# #.. #...# .#...
#...###..#....
####รท............
##Y##....##..#.... #
#@#.....Y......#..
#.##########........#....
#............##.###.##...
#.......#..# .# ##...
#....)..##.# .# #....
#....)..##.# # ##...
#..........# #...
#########..# { >....
#.#.# # ###.#


You could see a sky beast.

Vanquished Creatures
  Sigmund (D:3)
  A sky beast (D:5)
  A black bear (D:6)
  A centaur (D:5)
  2 ogres (D:5)
  A crocodile (Sewer)
  A crimson imp (D:4)
  A jelly (D:6)
  A quasit (D:5)
  2 hounds
  An orc priest (D:6)
  3 orc wizards (D:5)
  5 worker ants
  2 hound skeletons (D:4)
  A worker ant zombie (D:5)
  4 gnolls (D:3)
  8 adders
  2 howler monkey skeletons
  An ooze (D:4)
  3 worms
  4 dart slugs
  5 leopard geckos
  10 orcs
  4 ball pythons
  6 giant cockroaches
  3 goblins
  5 hobgoblins
  15 jackals
  2 quokkas (D:5)
  14 bats
  3 frilled lizards
  A jackal skeleton (D:4)
  4 kobolds
  6 rats
124 creatures vanquished.

Notes
Turn   | Place    | Note
-------+----------+-------------------------------------------
     0 | D:1      | Arum the Formicid Fighter began the quest for the Orb.
     0 | D:1      | Reached XP level 1. HP: 18/18 MP: 1/1
    80 | D:1      | Reached XP level 2. HP: 20/24 MP: 2/2
   243 | D:1      | Reached XP level 3. HP: 16/30 MP: 3/3
   743 | D:2      | Reached XP level 4. HP: 23/37 MP: 4/4
  1227 | D:2      | Reached XP level 5. HP: 40/42 MP: 5/5
  1789 | D:3      | Noticed Sigmund
  1806 | D:3      | Killed Sigmund
  1806 | D:3      | Reached skill level 5 in Fighting
  1806 | D:3      | Reached skill level 5 in Shields
  1806 | D:3      | Reached XP level 6. HP: 15/51 MP: 6/6
  2540 | D:4      | Found a glowing golden altar of the Shining One.
  2631 | D:4      | Found a glowing drain.
  2654 | D:4      | Reached XP level 7. HP: 53/56 MP: 7/7
  2679 | Sewer    | Entered a sewer
  3663 | D:4      | Found Pyoloc's Antique Weapon Shoppe.
  4039 | D:4      | Found a shimmering altar of Xom.
  4040 | D:4      | Found a burning altar of Makhleb.
  4080 | D:4      | Became a worshipper of Makhleb the Destroyer
  4104 | D:5      | Entered Level 5 of the Dungeon
  4351 | D:5      | Reached skill level 5 in Long Blades
  4395 | D:5      | HP: 1/58 [sky beast (6)]
  4396 | D:5      | Reached XP level 8. HP: 1/64 MP: 8/8
  5024 | D:5      | Found a bloodstained altar of Trog.
  5024 | D:5      | Found an opulent altar of Gozag.
  5024 | D:5      | Found a basalt altar of Yredelemnul.
  5024 | D:5      | Found a hazy altar of Hepliaklqana.
  5469 | D:5      | Noticed a water elemental
  5471 | D:5      | Found a stormy altar of Qazlal.
  5472 | D:5      | Noticed an air elemental
  5472 | D:5      | Noticed a fire elemental
  5968 | D:6      | Reached * piety under Makhleb
  6091 | D:6      | Gained mutation: You are resistant to hostile enchantments.
                  | (MR+) [potion of mutation]
  6091 | D:6      | Gained mutation: You are weak. (Str -2) [potion of
                  | mutation]
  6091 | D:6      | Gained mutation: You are partially covered in yellow
                  | scales. (AC +2) [potion of mutation]
  6091 | D:6      | Gained mutation: You are covered in fur. (AC +1) [potion of
                  | mutation]
  6093 | D:6      | Slain by a sky beast

Levels and vault maps discovered:
D:1:      kennysheep_arrival_seaside, layout_rooms
D:2:      layout_basic
D:3:      layout_loops_ring, first_ration, uniq_sigmund
D:4:      layout_layer_cave, grunt_temple_overflow_champion_of_chaos,
          tso_metal_star, gup_sewer_entry_glass, serial_shops,
          nicolae_shop_trees
D:5:      layout_loops_corners, chequers_temple_overflow_statue_of_worship,
          nicolae_qazlal_style_of_elements
D:6:      layout_loops_ring, minmay_temple_entry_ruins, minmay_crystal_room,
          minmay_misc_feat_x

Skill      XL: |  1  2  3  4  5  6  7  8 |
---------------+-------------------------+-----
Shields        | 4 5 6 7 |  7.9
Fighting       | 4 5 6 7 |  7.3
Long Blades    | 3 4 5 6 |  6.2
Armour         | |  3.2

Action                   |  1- 3 |  4- 6 |  7- 9 || total
-------------------------+-------+-------+-------++-------
Melee: Long sword        |    94 |   126 |   336 ||   556
 Abil: Dig               |       |     1 |     1 ||     2
  Use: Potion            |       |       |     6 ||     6
  Eat: Chunk             |       |     6 |    12 ||    18
Armor: Scale mail        |    44 |    38 |   143 ||   225
Dodge: Dodged            |    41 |    30 |   156 ||   227
Block: Shield            |    64 |    74 |   230 ||   368
       Rpst.: Long sword |    12 |    10 |    41 ||    63
